 Dungeon Crawl Stone Soup version 0.27-a0-695-gb4952372f7 (webtiles) character file.

Game seed: 5913010346209848245

1246 dolemite99 the Cutter (level 8, 0/55 (67) HPs)
             Began as a Formicid Wanderer on Mar 22, 2021.
             Was a Believer of Ashenzari.
             Slain by a wight
             ... wielding a +5 hand axe of freezing
              (2 damage)
             ... on level 6 of the Dungeon.
             The game lasted 00:10:21 (9049 turns).

dolemite99 the Cutter (Formicid Wanderer)           Turns: 9049, Time: 00:10:21

HP:   0/55 (67)     AC:  7    Str: 18    XL:     8   Next: 79%
MP:   0/11          EV:  9    Int: 10    God:    Ashenzari [**....]
Gold: 243           SH: 10    Dex: 13    Spells: 11/12 levels left

rFire    . . .     SeeInvis +   v - +0 long sword
rCold    . . .     Faith    .   k - +0 kite shield "Share My Omission" {Alch, Fort} (curse)
rNeg     . . .     Spirit   +   i - +0 scale mail
rPois    .         Reflect  .   (helmet unavailable)
rElec    .         Harm     .   s - +0 cloak "Perceptive Autotheism" {Alch, Self} (curse)
rCorr    .         Rampage  .   (no gloves)
Will     .....                  (no boots)
Stlth    ..........             d - amulet "Ordeal of the Sky" {Spirit, Fort, Self} (curse)
HPRegen  0.18/turn              (no ring)
MPRegen  0.12/turn              (no ring)

@: heavily drained
A: permanent stasis, dig shafts and tunnels, antennae 3, four strong arms
a: Dig, Shaft Self, Renounce Religion, Shatter the Chains


You were on level 6 of the Dungeon.
You worshipped Ashenzari.
Ashenzari was pleased with you.
You visited 1 branch of the dungeon, and saw 6 of its levels.

You collected 243 gold pieces.

Inventory:

Hand Weapons
 b - a +0 shortbow
 h - a +0 hand axe
 v - a +0 long sword (weapon)
 w - a +1 vampiric short sword
 y - a +0 short sword
 A - a +2 short sword of draining
 B - a +0 hunting sling
Missiles
 j - 21 poisoned darts (quivered)
 m - 223 stones
 n - 67 bolts
 q - 7 boomerangs
 F - 37 arrows
 G - 18 sling bullets
Armour
 f - a +0 tower shield
 i - a +0 scale mail (worn)
 k - the cursed +0 kite shield "Share My Omission" (worn) {Alch, Fort}
   (You found it on level 1 of the Dungeon)

   It has a curse which improves the following skills: Alchemy: Poison Magic and
   Transmutations.
   Fortitude: Armour and Shields.
 s - the cursed +0 cloak "Perceptive Autotheism" (worn) {Alch, Self}
   (You found it on level 2 of the Dungeon)

   It has a curse which improves the following skills: Alchemy: Poison Magic and
   Transmutations.
   Introspection: Fighting and Spellcasting.
Jewellery
 d - the cursed amulet "Ordeal of the Sky" (around neck) {Spirit, Fort, Self}
   (You found it on level 5 of the Dungeon)

   [amulet of guardian spirit]

   It causes incoming damage to be split between your health and magic.
   It has a curse which improves the following skills: Fortitude: Armour and
   Shields.
   Introspection: Fighting and Spellcasting.
 o - an amulet of guardian spirit
 r - a +4 ring of protection
 E - an amulet of magic regeneration
Wands
 H - a wand of digging (4)
Scrolls
 a - a scroll of silence
 e - 4 scrolls of teleportation
 p - a scroll of amnesia
 u - a scroll of fear
 x - a scroll of enchant armour
 C - a scroll of fog
 D - 2 scrolls of summoning
Potions
 g - 3 potions of curing
 l - 2 potions of ambrosia
 t - a potion of heal wounds
 z - a potion of attraction
Miscellaneous
 c - a phantom mirror


   Skills:
 + Level 4.9(7.2) Fighting
 + Level 7.4(7.7) Short Blades
 - Level 2.9(5.6) Long Blades
 - Level 1.7 Dodging
 - Level 1.2 Stealth
 + Level 3.9(6.0) Shields
 - Level 1.1(2.5) Spellcasting
 - Level 1.0 Necromancy
 - Level 1.3(2.8) Poison Magic
 - Level 2.1 Evocations


You had 11 spell levels left.
You knew the following spells:

 Your Spells              Type           Power      Damage    Failure   Level
a - Summon Small Mammal   Summ           4%         N/A       88%         1

Your spell library contained the following spells:

 Spells                   Type           Power      Damage    Failure   Level
 Call Imp                 Summ           1%         N/A       96%         2
 Call Canine Familiar     Summ           1%         N/A       99%         3
 Summon Guardian Golem    Hex/Summ       1%         N/A       99%         3
 Summon Ice Beast         Ice/Summ       1%         N/A       100%        4
 Summon Lightning Spire   Summ/Air       1%         N/A       100%        4


Dungeon Overview and Level Annotations

Branches:
Dungeon (6/15)
 Temple: D:4-7

Altars:
Ashenzari
Ru

Annotations:
D:2 1 runed translucent door, Crazy Yiuf
D:3 3 runed translucent doors, OTABOTABOTAB's ghost, amateur FoFi


Innate Abilities, Weirdness & Mutations

You cannot be hasted, slowed, berserked, paralysed or teleported.
You can dig through walls and to a lower floor.
You have a pair of large antennae on your head. (SInv)
Your four strong arms can wield two-handed weapons with a shield.


Message History

Your scale mail prevents you from hitting the wight.
You block the wight's attack.
You barely miss the wight.
The wight hits you with a +5 hand axe of freezing!
The wight freezes you.
You closely miss the wight. You block the wight's attack.
You hit the wight but do no damage.
The wight hits you with a +5 hand axe of freezing!
You feel drained. The wight freezes you.
You hit the wight but do no damage. You block the wight's attack.
The wight hits you with a +5 hand axe of freezing.
The wight freezes you.
You hit the wight.
The wight is lightly damaged.
You block the wight's attack.
You hit the wight.
The wight is moderately damaged.
The wight hits you with a +5 hand axe of freezing.
The wight freezes you.
You hit the wight but do no damage.
The wight is moderately damaged.
You block the wight's attack.
You barely miss the wight.
The wight is moderately damaged.
The wight hits you with a +5 hand axe of freezing.
* * * LOW HITPOINT WARNING * * *
You feel drained.
* * * LOW HITPOINT WARNING * * *
The wight freezes you.
* * * LOW HITPOINT WARNING * * *
The wight barely misses you.
You riposte.
You closely miss the wight.
The wight is moderately damaged.
You hit the wight but do no damage.
The wight is moderately damaged.
The wight hits you with a +5 hand axe of freezing!
* * * LOW HITPOINT WARNING * * *
You feel drained.
* * * LOW HITPOINT WARNING * * *
The wight freezes you.
You die...

, * #(.#.
#(.(( ,
#((.#* * ,
#...$###
#..(((#####
#.((..(..#
#...(....#
#(..รท((.z#
#......@.#
#........#
#........#
#........#
#........#
#...>....#
#........#
##########


You could see a wight.

Vanquished Creatures
  2 centaurs (D:5)
  A necrophage (D:6)
  An ogre (D:4)
  A phantom (D:5)
  2 wights (D:5)
  3 howler monkeys
  A centaur zombie (D:5)
  An orc priest (D:3)
  A hound (D:5)
  2 iguanas
  Ijyb (D:5)
  2 orc wizards (D:3)
  A worker ant (D:5)
  Natasha (D:2)
  A hound skeleton (D:6)
  8 adders
  8 gnolls
  A howler monkey skeleton (D:6)
  A shadow imp (D:5)
  A white imp (D:6)
  An ooze (D:2)
  An adder skeleton (D:5)
  An adder zombie (D:5)
  3 worms (D:2)
  4 dart slugs
  5 leopard geckos
  16 orcs
  10 bats
  8 giant cockroaches
  7 goblins
  12 hobgoblins
  9 jackals
  2 quokkas
  A ball python (D:3)
  8 frilled lizards
  A jackal skeleton (D:5)
  10 kobolds
  10 rats
149 creatures vanquished.

Vanquished Creatures (others)
  An orc wizard (D:3)
1 creature vanquished.

Grand Total: 150 creatures vanquished

Notes
Turn   | Place    | Note
-------+----------+-------------------------------------------
     0 | D:1      | dolemite99 the Formicid Wanderer began the quest for the
                  | Orb.
     0 | D:1      | dolemite99 set off with the following items: a +0 short
                  | sword, a phantom mirror, a +0 robe; and the following spell
                  | memorised: Summon Small Mammal; and the following spells
                  | available to memorise: Summon Guardian Golem
     0 | D:1      | Reached XP level 1. HP: 15/15 MP: 2/2
   240 | D:1      | Reached XP level 2. HP: 21/21 MP: 3/3
   318 | D:1      | Found a broken altar of Ashenzari.
   329 | D:1      | Reached skill level 2 in Short Blades
   487 | D:1      | Became a worshipper of Ashenzari the Shackled
   712 | D:1      | Reached XP level 3. HP: 17/26 MP: 4/4
  1853 | D:2      | Reached XP level 4. HP: 33/34 MP: 5/5
  2331 | D:2      | Reached XP level 5. HP: 18/42 MP: 6/6
  2778 | D:2      | Noticed Natasha
  2785 | D:2      | Killed Natasha
  2976 | D:2      | Reached skill level 1 in Shields
  3486 | D:2      | Found a runed translucent door.
  3487 | D:2      | Noticed Crazy Yiuf
  4015 | D:3      | Noticed an ogre
  4015 | D:3      | Noticed OTABOTABOTAB's ghost (amateur FoFi)
  4018 | D:3      | Found a runed translucent gate.
  4018 | D:3      | Found a runed translucent gate.
  4019 | D:3      | Found a runed translucent gate.
  4060 | D:3      | Reached * piety under Ashenzari
  4081 | D:3      | Found a sacrificial altar of Ru.
  4167 | D:3      | Reached XP level 6. HP: 38/51 MP: 8/8
  4629 | D:3      | Reached skill level 1 in Long Blades
  5859 | D:4      | Reached XP level 7. HP: 56/56 MP: 9/9
  5917 | D:4      | Reached skill level 3 in Short Blades
  6405 | D:4      | Reached skill level 4 in Short Blades
  6950 | D:4      | Reached ** piety under Ashenzari
  7127 | D:5      | Entered Level 5 of the Dungeon
  7385 | D:5      | Reached skill level 5 in Short Blades
  7496 | D:5      | Reached XP level 8. HP: 59/64 MP: 11/11
  7545 | D:5      | Noticed Ijyb
  7558 | D:5      | Killed Ijyb
  7595 | D:5      | Reached skill level 6 in Short Blades
  8148 | D:5      | Reached skill level 7 in Short Blades
  8523 | D:5      | Reached *** piety under Ashenzari
  9049 | D:6      | HP: 2/55 [wight/+5 hand axe of freezing (3)]
  9049 | D:6      | Slain by a wight

Illustrated notes

Levels and vault maps discovered:
D:1:      evilmike_arrival_fibonacci_small, layout_loops_cross,
          minmay_misc_feat_chi, minmay_misc_feat_encased, ashenzari_altar_1
D:2:      layout_loops_ring, kennysheep_generic_room_16,
          uniq_crazy_yiuf_cottage, uniq_natasha
D:3:      layout_loops_ring, gammafunk_ghost_split, roderic_roman_lattice,
          minmay_liquid_box, kennysheep_another_room,
          nicolae_ru_the_path_less_chosen
D:4:      layout_cave_pods
D:5:      layout_loops_ring, due_unseen_surprise, uniq_ijyb
D:6:      layout_rooms, nicolae_qazlal_scattered_showers,
          overflow_temple_1_default, kennysheep_mini,
          minmay_temple_entry_glassed_door, makhleb_blood_cavern_becter

Skill      XL: |  1  2  3  4  5  6  7  8 |
---------------+-------------------------+-----
Short Blades   | 2 5 7 |  7.4
Fighting       | 2 3 4 |  4.9
Shields        | 3 |  3.9
Long Blades    | 2 |  2.9
Dodging        | |  1.7
Stealth        | |  1.2
Spellcasting   | |  1.1
Necromancy     | |  1.0
Poison Magic   | |  1.3
Evocations     | |  2.1

Action                   |  1- 3 |  4- 6 |  7- 9 || total
-------------------------+-------+-------+-------++-------
Melee: Short sword       |   115 |   297 |       ||   412
       Long sword        |       |    19 |    33 ||    52
       Dagger            |       |     4 |   230 ||   234
 Fire: Shortbow          |       |       |    26 ||    26
Throw: Dart              |    12 |    82 |    37 ||   131
Invok: Curse Item        |       |     2 |     2 ||     4
       Shatter the Chain |       |       |     1 ||     1
 Abil: Dig               |       |     1 |       ||     1
  Use: Potion            |       |       |     2 ||     2
 Stab: Sleeping          |     4 |       |       ||     4
Armor: Robe              |    10 |       |       ||    10
       Scale mail        |    38 |   142 |    49 ||   229
Dodge: Dodged            |    63 |   103 |    61 ||   227
Block: Kite shield       |       |   141 |   101 ||   242
       Rpst.: Long sword |       |     1 |     4 ||     5

Table legend: (Time is in decaauts)
 A = Elapsed time spent in this place.
 B = Non-inter-level travel time spent in this place.
 C = Inter-level travel time spent in this place.
 D = Time resting spent in this place.
 E = Time spent auto-exploring this place.
 F = Levels seen in this place.
 G = Mean time per level.
                   A        B        C        D        E       F      G
               +--------+--------+--------+--------+--------+-----+--------+
         Total |   9079 |   8906 |    173 |   3959 |   3179 |   6 | 1513.2 |
       Dungeon |   9079 |   8906 |    173 |   3959 |   3179 |   6 | 1513.2 |
               +--------+--------+--------+--------+--------+-----+--------+

Top non-repeatable levels by time:
     D:3: 2156 daAuts
     D:2: 1937 daAuts
     D:1: 1766 daAuts
     D:5: 1601 daAuts
     D:4: 1530 daAuts
     D:6: 87 daAuts
